 Dungeon Crawl Stone Soup version 0.27.1-33-g824d729ab1 (webtiles) character file.

Game seed: 12476063726145082427

31 styxcanada the Sneak (level 3, 0/17 (18) HPs)
             Began as a Spriggan Brigand on Nov 24, 2021.
             Killed from afar by Natasha (9 damage)
             ... with a magic dart
             ... on level 3 of the Dungeon.
             The game lasted 00:06:33 (2567 turns).

styxcanada the Sneak (Spriggan Brigand)             Turns: 2567, Time: 00:06:34

HP:   0/17 (18)     AC:  3    Str:  7    XL:     3   Next: 7%
MP:   4/4           EV: 16    Int: 12    God:
Gold: 77            SH:  5    Dex: 17    Spells: 2/2 levels left

rFire    . . .     SeeInvis +   a - +2 dagger (protect)
rCold    . . .     Faith    .   n - +0 buckler
rNeg     . . .     Spirit   .   b - +0 robe
rPois    .         Reflect  .   (helmet restricted)
rElec    .         Harm     .   c - +0 cloak
rCorr    .         Rampage  .   (gloves unavailable)
Will     +....                  (boots unavailable)
Stlth    ++++......             (no amulet)
HPRegen  0.05/turn              j - ring of willpower
MPRegen  0.09/turn              (no ring)

@: drained, very quick
A: very small, no large weapons, unfitting armour, see invisible, speed 3
a: no special abilities


You were on level 3 of the Dungeon.
You visited 1 branch of the dungeon, and saw 3 of its levels.

You collected 77 gold pieces.

Inventory:

Hand Weapons
 a - a +2 dagger of protection (weapon)
 h - a +0 hunting sling
Missiles
 d - 8 poisoned darts (quivered)
 e - a curare-tipped dart
 g - 33 stones
Armour
 b - a +0 robe (worn)
 c - a +0 cloak (worn)
 n - a +0 buckler (worn)
Jewellery
 j - a ring of willpower (left hand)
Scrolls
 f - a scroll of vulnerability {unknown}
 o - a scroll of identify {unknown}
Potions
 i - a potion of haste {unknown}
 k - a potion of cancellation {unknown}
 l - 2 potions of attraction {unknown}
 m - a potion of berserk rage {unknown}


   Skills:
 * Level 1.6 Fighting
 + Level 2.2 Short Blades
 + Level 2.1 Throwing
 * Level 2.3 Dodging
 * Level 6.8 Stealth
 * Level 0.1 Shields


You had 2 spell levels left.
You didn't know any spells.
Your spell library contained the following spells:

 Spells                   Type           Power      Damage    Failure   Level
 Ozocubu's Armour         Ice            0%         N/A       86%         3
 Ozocubu's Refrigeration  Ice            0%         4d5       100%        7


Dungeon Overview and Level Annotations

Branches:
Dungeon (3/15)

Altars:
Nemelex Xobeh
Ru

Annotations:
D:3 Natasha


Innate Abilities, Weirdness & Mutations

You are very small and have problems with some larger weapons.
You are too small for most types of armour.
You have supernaturally acute eyesight. (SInv)
You cover ground extremely quickly. (Speed+++)


Message History

Your weapon exudes an aura of protection.
You kill the hobgoblin!
Found a stone staircase leading up.
There is a stone staircase leading up here.
Found a stone staircase leading up.
There is a stone staircase leading up here.
There is an escape hatch in the ceiling here.
There is an escape hatch in the ceiling here.
You see here a frilled lizard skeleton.
There is a stone staircase leading down here.
Found a fizzy purple potion.
An orc comes into view. It is wielding a +0 hand axe.
The orc shouts!
An orc comes into view. It is wielding a +0 short sword.
An orc wizard comes into view. It is wielding a +3 dagger.
The orc shouts!
A necrophage comes into view.
A dart slug comes into view.
Found 22 stones and a scroll labelled HURU UTIYL.
Natasha hisses angrily.
An endoplasm comes into view.
Found a fizzy purple potion.
The frilled lizard hisses angrily.
An adder comes into view.
You see here a fizzy purple potion.
Natasha closely misses you. The orc hits you but does no damage.
You block the orc's attack.
Natasha wildly gestures.
Natasha glows brightly for a moment.
You see here a fizzy purple potion.
l - 2 fizzy purple potions (gained 1)
The necrophage hits you.
You feel drained. You block the orc's attack. Natasha claws you!
The adder hisses angrily.
A kobold comes into view. It is wielding a +0 short sword.
The orc wizard shouts!
Natasha stares at you and mumbles some strange words.
The magic dart hits you!
Ouch! That really hurt!
You die...

#. # #. .. .. ##.
#.##.####....
#..####..!....#....
#...............?..
#.#................
#K........o..S.....
#@.............
##....(h....#
##.#..l.w..#
#.####.####
####.####.##
#....n.no..#####
#.##.##..#...... #
#.......#..##
#.#####.####..# ##


You could see an orc wizard, Natasha, a kobold (wandering) and a frilled lizard.

Vanquished Creatures
  An adder (D:2)
  A dart slug (D:2)
  An orc (D:3)
  2 endoplasms
  2 hobgoblins (D:3)
  A quokka (D:3)
  3 ball pythons (D:2)
  A bat (D:2)
  3 frilled lizards
  A kobold (D:1)
  6 rats
22 creatures vanquished.

Notes
Turn   | Place    | Note
-------+----------+-------------------------------------------
     0 | D:1      | styxcanada the Spriggan Brigand began the quest for the
                  | Orb.
     0 | D:1      | Reached XP level 1. HP: 10/10 MP: 2/2
   213 | D:1      | Reached skill level 6 in Stealth
  1130 | D:2      | Reached XP level 2. HP: 14/14 MP: 3/3
  1382 | D:2      | You fall into a shaft and drop 1 floor!
  1393 | D:3      | Noticed Natasha
  1530 | D:3      | Noticed a crimson imp
  1547 | D:3      | Found a sparkling altar of Nemelex Xobeh.
  1703 | D:3      | Found a sacrificial altar of Ru.
  1934 | D:2      | Reached XP level 3. HP: 18/18 MP: 4/4
  2550 | D:3      | Noticed a necrophage
  2567 | D:3      | Killed from afar by Natasha

Illustrated notes

Levels and vault maps discovered:
D:1:      dpeg_arrival_tiny_j, layout_loops_corners
D:2:      layout_loops_corners
D:3:      layout_loops_cross, mainiacjoe_overflow_alcove_2,
          nemelex_dance_club_becter, uniq_natasha

Skill      XL: |  1 |
---------------+----+-----
Stealth        | 6 |  6.8
Dodging        | 2 |  2.3
Fighting       | |  1.6
Short Blades   | |  2.2
Throwing       | |  2.1
Shields        | |  0.1

Action                   || total
-------------------------++-------
Melee: Dagger            ||    55
Throw: Dart              ||    15
  Use: Scroll            ||     3
 Stab: Sleeping          ||    10
Armor: Robe              ||     4
Dodge: Dodged            ||    25
Block: Buckler           ||     5
